 Dungeon Crawl Stone Soup version 0.30-a0-23-ge60ba3568b (webtiles) character file.

Game seed: 6483777199702073859

412 ytrimaz the Insei (level 6, -1/43 HPs)
             Began as a Demonspawn Transmuter on Aug 24, 2022.
             Slain by an orc wizard
             ... wielding a +0 dagger
              (3 damage)
             ... on level 4 of the Dungeon.
             The game lasted 00:04:48 (5155 turns).

ytrimaz the Insei (Demonspawn Transmuter)           Turns: 5155, Time: 00:04:49

Health: -1/43      AC:  7    Str: 10    XL:     6   Next: 59%
Magic:  9/9        EV: 12    Int: 19    God:
Gold:   195        SH:  0    Dex: 13    Spells: 6/9 levels left

rFire   . . .      SeeInvis +      - Unarmed
rCold   . . .      Faith    .    (no shield)
rNeg    . . .      Spirit   .    a - +0 robe
rPois   .          Reflect  .    j - +3 crown of Dyrovepreva {rElec Int+2 SInv}
rElec   +          Harm     .    h - +1 cloak
rCorr   .          Rampage  .    (no gloves)
Will    .....                    (no boots)
Stlth   +.........               (no amulet)
HPRegen 0.14/turn                (no ring)
MPRegen 0.11/turn                (no ring)

@: no status effects
A: horns 1, demonic guardian 1, sturdy frame 1, demonic magic 1
a: no special abilities


You were on level 4 of the Dungeon.
You visited 1 branch of the dungeon, and saw 4 of its levels.

You collected 195 gold pieces.

Inventory:

Armour
 a - a +0 robe (worn)
 h - a +1 cloak (worn)
 j - the +3 crown of Dyrovepreva (worn) {rElec Int+2 SInv}
   (You acquired it on level 3 of the Dungeon)

   Int:       It affects your intelligence (+2).
   rElec:     It insulates you from electricity.
   SInv:      It lets you see invisible.
Jewellery
 i - a ring of flight
Wands
 b - a wand of flame (10)
 l - a wand of iceblast (16)
Potions
 c - 3 potions of curing
 d - a potion of invisibility
 e - a potion of resistance
 f - 3 potions of heal wounds
 g - 2 potions of attraction
 k - a potion of mutation {unknown}
 m - a potion of might {unknown}


   Skills:
 - Level 1.0 Fighting
 - Level 1.7 Dodging
 + Level 5.9 Unarmed Combat
 - Level 2.0 Spellcasting
 + Level 3.7 Transmutations


You had 6 spell levels left.
You knew the following spells:

 Your Spells              Type           Power      Damage    Failure   Level
a - Beastly Appendage     Tmut           32%        N/A       3%          1
b - Wereblood             Tmut           16%        N/A       5%          2

Your spell library contained the following spells:

 Spells                   Type           Power      Damage    Failure   Level
 Necrotise                Necr           4%         1d4       17%         1
 Spider Form              Tmut/Pois      9%         N/A       24%         3
 Scorch                   Fire           2%         2d5       26%         2
 Static Discharge         Conj/Air       1%         3-4/arc   26%         2
 Vampiric Draining        Necr           1%         2d6       45%         3
 Ice Form                 Ice/Tmut       9%         N/A       61%         4
 Dispel Undead            Necr           1%         3d6       86%         4
 Flame Wave               Conj/Fire      1%         2d4       86%         4
 Olgreb's Toxic Radiance  Pois           1%         N/A       86%         4
 Sticky Flame             Conj/Fire      1%         2d3       86%         4
 Agony                    Necr           1%         N/A       99%         5
 Summon Cactus Giant      Summ           0%         N/A       100%        6
 Ozocubu's Refrigeration  Ice            0%         4d7       100%        7
 Ignition                 Fire           0%         3d3       100%        8


Dungeon Overview and Level Annotations

Branches:
Dungeon (4/15)
 Temple: D:4-7

Altars:


Innate Abilities, Weirdness & Mutations

You have a pair of small horns on your head.
A weak demonic guardian rushes to your aid.
Your movements are slightly less encumbered by armour. (ER -2)
Spells you cast may paralyse adjacent enemies.


Message History

You are too injured to fight recklessly!
Unknown command.
You swap places.
The orc hits you with a +0 whip.
* * * LOW HITPOINT WARNING * * *
Something hits you.
* * * LOW HITPOINT WARNING * * *
Your quasit misses the orc.
Your quasit claws the orc but does no damage.
Your quasit barely misses the orc.
Things that are here:
a +0 dagger; a +0 robe You barely miss something.
Your headbutt misses something. The orc closely misses you.
Something completely misses you.
Your quasit bites the orc.
Your quasit barely misses the orc.
Your quasit claws the orc.
The orc dies!
You closely miss something. Your kick misses something.
Your headbutt misses something. Something hits you.
* * * LOW HITPOINT WARNING * * *
Okay, then.
Casting: Beastly Appendage (safe; 4% risk of failure)
Press: ? - help, Q - select action, (/) - cycle Dir - look around, f - activate
Okay, then.
Your talons disappear.
The +3 crown of Dyrovepreva {rElec Int+2 SInv} unmelds from your body.
Reactivating autopickup.
The orc wizard points at you and mumbles some strange words.
The magic dart hits you.
* * * LOW HITPOINT WARNING * * *
A demonic guardian appears!
You miss the orc wizard.
The orc wizard is moderately wounded.
The orc wizard gestures at you while chanting.
The magic dart hits you.
* * * LOW HITPOINT WARNING * * *
You hit the orc wizard but do no damage.
Your headbutt misses the orc wizard.
The orc wizard is moderately wounded.
The orc wizard hits you with a +0 dagger.
You die...

.... .. ....##..
.# ...#...#.. ...
...#.....# ###..#
.........##......
................
..............#
#...)@o# #...55##
..####......#
.......<..##...#
........### ##.#
#.....#.# #
###.####. # . .#


You could see an orc wizard (invisible), a friendly quasit (summoned) and a
friendly ufetubus (summoned).

Vanquished Creatures
  A necrophage (D:2)
  A hound (D:3)
  Crazy Yiuf (D:2)
  Jessica (D:3)
  Ijyb (D:3)
  An orc wizard (D:4)
  6 adders
  3 gnolls (D:2)
  A worm (D:2)
  6 dart slugs
  4 orcs (D:3)
  5 endoplasms
  3 giant cockroaches (D:3)
  5 hobgoblins
  5 jackals (D:1)
  A kobold (D:1)
  8 quokkas
  12 ball pythons
  4 bats
  2 frilled lizards
  11 goblins
  6 rats
88 creatures vanquished.

Vanquished Creatures (collateral kills)
  A gnoll (D:2)
  2 adders (D:2)
  A worm (D:3)
  An orc (D:4)
  A goblin (D:2)
  2 bats (D:1)
8 creatures vanquished.

Grand Total: 96 creatures vanquished

Notes
Turn   | Place    | Note
-------+----------+-------------------------------------------
     0 | D:1      | ytrimaz the Demonspawn Transmuter began the quest for the
                  | Orb.
     0 | D:1      | Reached XP level 1. HP: 15/15 MP: 3/3
   250 | D:1      | Reached skill level 3 in Unarmed Combat
   442 | D:1      | Gained mutation: A weak demonic guardian rushes to your
                  | aid. [demonic ancestry]
   442 | D:1      | Reached XP level 2. HP: 19/21 MP: 3/5
  1231 | D:2      | Mutation became permanent: You have a pair of small horns
                  | on your head. [demonic ancestry]
  1231 | D:2      | Gained mutation: You have a pair of horns on your head.
                  | [demonic ancestry]
  1231 | D:2      | Reached XP level 3. HP: 13/26 MP: 6/6
  1477 | D:2      | Reached skill level 4 in Unarmed Combat
  1523 | D:2      | Learned a level 2 spell: Wereblood
  1613 | D:2      | Found a faded altar of an unknown god.
  1679 | D:2      | Found a runed translucent door.
  1680 | D:2      | Noticed Crazy Yiuf
  1694 | D:2      | Noticed a necrophage
  1709 | D:2      | Killed a necrophage
  1710 | D:2      | Reached XP level 4. HP: 14/32 MP: 7/7
  2058 | D:2      | Gained mutation: Spells you cast may paralyse adjacent
                  | enemies. [demonic ancestry]
  2058 | D:2      | Reached XP level 5. HP: 23/37 MP: 8/8
  2451 | D:2      | Reached skill level 5 in Unarmed Combat
  2454 | D:2      | HP: 1/55 [gnoll/+0 halberd (4)]
  3020 | D:2      | HP: 1/55 [Crazy Yiuf/+2 quarterstaff of chaos (3)]
  3030 | D:2      | Killed Crazy Yiuf
  4000 | D:3      | Noticed Jessica
  4006 | D:3      | Killed Jessica
  4007 | D:3      | Gained mutation: Your movements are slightly less
                  | encumbered by armour. (ER -2) [demonic ancestry]
  4007 | D:3      | Reached XP level 6. HP: 33/42 MP: 7/9
  4033 | D:3      | Identified a scroll of acquirement
  4033 | D:3      | Acquired the +3 crown of Dyrovepreva {rElec Int+2 SInv}
  4033 | D:3      | Found the +3 crown of Dyrovepreva {rElec Int+2 SInv}
  4812 | D:3      | Noticed Ijyb
  4855 | D:3      | Killed Ijyb
  5154 | D:4      | HP: 2/43 [orc wizard/magic dart (5)]
  5155 | D:4      | Slain by an orc wizard

Illustrated notes

Levels and vault maps discovered:
D:1:      tarquinn_simple_flora_water_a, layout_loops_cross, minmay_pentomino_v4
D:2:      layout_rooms, hellmonk_ecumenical_altar_pennies_from_heaven,
          grunt_ministairs_1, grunt_decor_resistance, minivault_24,
          minmay_door_square, uniq_crazy_yiuf_cottage
D:3:      kennysheep_six_static_rooms, layout_basic, minmay_box_of_dots,
          uniq_ijyb, uniq_jessica
D:4:      layout_layer_cave, lemuel_round_altar, dancing_weapons_uskayaw,
          serial_shops, shop

Skill      XL: |  1  2  3  4  5 |
---------------+----------------+-----
Unarmed Combat | 3 4 5 |  5.9
Transmutations | 2 3 |  3.7
Fighting       | |  1.0
Dodging        | |  1.7
Spellcasting   | |  2.0

Action                   |  1- 3 |  4- 6 || total
-------------------------+-------+-------++-------
Melee: Unarmed           |   113 |   204 ||   317
       Kick              |     9 |    23 ||    32
       Headbutt          |    10 |    28 ||    38
       Punch             |     1 |     3 ||     4
 Cast: Beastly Appendage |    15 |    24 ||    39
       Wereblood         |       |     1 ||     1
 Abil: End Transformatio |       |     1 ||     1
  Use: Scroll            |     5 |     6 ||    11
       Potion            |       |     7 ||     7
 Stab: Paralysed         |       |     4 ||     4
       Invisible         |       |     1 ||     1
       Sleeping          |       |     1 ||     1
Armor: Robe              |    27 |    47 ||    74
       Skin              |       |     9 ||     9
Dodge: Dodged            |    95 |   116 ||   211

Table legend: (Time is in decaauts)
 A = Elapsed time spent in this place.
 B = Non-inter-level travel time spent in this place.
 C = Inter-level travel time spent in this place.
 D = Time resting spent in this place.
 E = Time spent auto-exploring this place.
 F = Levels seen in this place.
 G = Mean time per level.
                   A        B        C        D        E       F      G
               +--------+--------+--------+--------+--------+-----+--------+
         Total |   5115 |   5065 |     50 |    136 |   4179 |   4 | 1278.8 |
       Dungeon |   5115 |   5065 |     50 |    136 |   4179 |   4 | 1278.8 |
               +--------+--------+--------+--------+--------+-----+--------+

Top non-repeatable levels by time:
     D:2: 2185 daAuts
     D:3: 1697 daAuts
     D:1: 1213 daAuts
     D:4: 19 daAuts
